[ PARTIDA AOE2 · #463195111 ]
UnrankedWei vs Mapuche
[ ANÁLISIS DE REPETICIÓN · EXTRAÍDO DE LA PARTIDA GRABADA ]
Feudal
13:15
Castillos
20:23
Imperial
31:57
| APM promedio | 26.3 |
| APM pico | 47 |
| eAPM promedio | 15.2 |
| Aldeanos / militares | 88 / 14 |
Foco
⚔️ 24.8% · 🌾 75.2%
Unknown (1949) ×44 · Scorpion ×13 · Unknown (1942) ×9 · Fishing Ship ×6 · Unknown (2626) ×3 · Monk ×1
Feudal
13:46
Castillos
19:37
Imperial
38:03
| APM promedio | 43.8 |
| APM pico | 82 |
| eAPM promedio | 28.1 |
| Aldeanos / militares | 130 / 121 |
Foco
⚔️ 34.4% · 🌾 65.6%
Petard ×41 · Kona ×32 · Galley ×29 · Fishing Ship ×12 · Fire Galley ×7 · Trebuchet (Packed) ×7
Feudal
15:00
Castillos
18:29
Imperial
36:34
| APM promedio | 55.0 |
| APM pico | 85 |
| eAPM promedio | 36.6 |
| Aldeanos / militares | 161 / 22 |
Foco
⚔️ 11.7% · 🌾 88.3%
Knight ×12 · Fishing Ship ×11 · Mangonel ×4 · Trebuchet (Packed) ×3 · Scorpion ×2 · Battering Ram ×1
Feudal
12:35
Castillos
24:16
Imperial
33:07
| APM promedio | 37.4 |
| APM pico | 63 |
| eAPM promedio | 20.7 |
| Aldeanos / militares | 92 / 96 |
Foco
⚔️ 42.7% · 🌾 57.3%
Rattan Archer ×56 · Fishing Ship ×23 · Archer ×18 · Spearman ×15 · Trebuchet (Packed) ×6 · Monk ×1
Feudal
14:31
Castillos
18:16
Imperial
37:54
| APM promedio | 35.0 |
| APM pico | 66 |
| eAPM promedio | 20.0 |
| Aldeanos / militares | 85 / 84 |
Foco
⚔️ 31.0% · 🌾 69.0%
Fire Lancer ×55 · Cavalry Archer ×24 · Fishing Ship ×15 · Scorpion ×2 · Mangonel ×1 · Skirmisher ×1
Feudal
14:20
Castillos
17:54
Imperial
37:33
| APM promedio | 28.4 |
| APM pico | 50 |
| eAPM promedio | 14.5 |
| Aldeanos / militares | 101 / 45 |
Foco
⚔️ 31.7% · 🌾 68.3%
Knight ×22 · Conquistador ×17 · Fishing Ship ×6 · Battering Ram ×3 · Unknown (2626) ×2 · Monk ×1
Feudal
13:34
Castillos
18:53
Imperial
33:59
| APM promedio | 33.8 |
| APM pico | 57 |
| eAPM promedio | 20.9 |
| Aldeanos / militares | 135 / 76 |
Foco
⚔️ 27.4% · 🌾 72.6%
Huskarl ×45 · Fire Galley ×15 · Fishing Ship ×8 · Militia ×6 · Trebuchet (Packed) ×3 · Monk ×2
Feudal
12:58
Castillos
16:48
Imperial
32:37
| APM promedio | 38.1 |
| APM pico | 74 |
| eAPM promedio | 25.8 |
| Aldeanos / militares | 145 / 187 |
Foco
⚔️ 37.7% · 🌾 62.3%
Eagle Scout ×100 · Spearman ×64 · Fire Galley ×19 · Fishing Ship ×16 · Trebuchet (Packed) ×4
Mapa de la partida
Recursos iniciales + cada clic de construcción. Líneas = muros · curvas = relieve. ◆ oro · ⬟ piedra · ● bayas · ✦ reliquia · ◌ hueco del cierre
Tu base· Abierta — hueco de 11t
Base de mimikyu· Abierta — flanco sin cerrar
Base de 天皇笑川· Abierta — flanco sin cerrar
Base de Citlali· Abierta — hueco de 12t
Base de 叫我靓仔啊 扑街· Abierta — hueco de 10t
Base de kimoji· Abierta — hueco de 5t
Base de Listiger RATIO· Abierta — hueco de 9t
Base de shikashoura· Abierta — hueco de 5t
Terreno inicial suavizado · ◌ = hueco del cierre detectado · pasá el cursor para detalles
Inputs por minuto
— Richiii - - mimikyu
Build order — Richiii
Primeras 150 de 276 acciones detectadas
| 0:11 | Construir | Town Center |
| 2:37 | Construir | Dock |
| 2:39 | Construir | House |
| 2:44 | Crear | Villager (Male) |
| 2:45 | Crear | Villager (Male) |
| 2:45 | Crear | Villager (Male) |
| 2:46 | Crear | Villager (Male) |
| 4:07 | Crear | Fishing Ship |
| 4:10 | Investigar | Loom |
| 4:53 | Crear | Villager (Male) |
| 4:58 | Construir | House |
| 5:15 | Crear | Villager (Male) |
| 5:40 | Crear | Fishing Ship |
| 5:44 | Crear | Villager (Male) |
| 6:12 | Construir | House |
| 6:15 | Crear | Villager (Male) |
| 6:41 | Crear | Villager (Male) |
| 6:43 | Crear | Fishing Ship |
| 7:11 | Crear | Villager (Male) |
| 7:12 | Crear | Fishing Ship |
| 7:32 | Construir | House |
| 8:01 | Crear | Villager (Male) |
| 8:02 | Crear | Villager (Male) |
| 8:05 | Crear | Fishing Ship |
| 8:11 | Construir | House |
| 8:40 | Crear | Villager (Male) |
| 8:42 | Crear | Fishing Ship |
| 9:10 | Crear | Villager (Male) |
| 9:46 | Crear | Villager (Male) |
| 9:58 | Construir | Mill |
| 10:22 | Crear | Villager (Male) |
| 10:49 | Crear | Villager (Male) |
| 11:05 | Investigar | Feudal Age |
| 11:18 | Construir | Mining Camp |
| 12:05 | Construir | Lumber Camp |
| 12:46 | Crear | Villager (Male) |
| 13:12 | Crear | Villager (Male) |
| 13:15 | Edad | Edad Feudal |
| 13:22 | Construir | House |
| 13:25 | Investigar | Double-Bit Axe |
| 13:26 | Investigar | Gold Mining |
| 13:31 | Crear | Unit 2626 |
| 13:45 | Construir | House |
| 13:59 | Crear | Villager (Male) |
| 14:14 | Crear | Unit 2626 |
| 14:21 | Construir | House |
| 14:34 | Investigar | Horse Collar |
| 14:42 | Crear | Villager (Male) |
| 14:43 | Crear | Villager (Male) |
| 15:00 | Crear | Unit 2626 |
| 15:39 | Crear | Villager (Male) |
| 16:35 | Construir | Market |
| 16:41 | Construir | Blacksmith |
| 16:42 | Crear | Villager (Male) |
| 17:17 | Construir | Mining Camp |
| 17:43 | Investigar | Castle Age |
| 18:32 | Investigar | Stone Mining |
| 20:09 | Crear | Villager (Male) |
| 20:23 | Edad | Edad de los Castillos |
| 20:24 | Crear | Villager (Male) |
| 20:45 | Construir | Castle |
| 20:49 | Crear | Villager (Male) |
| 20:59 | Investigar | Bow Saw |
| 21:18 | Investigar | Heavy Plow |
| 21:21 | Crear | Villager (Male) |
| 21:35 | Construir | Town Center |
| 22:02 | Crear | Villager (Male) |
| 22:07 | Investigar | Wheelbarrow |
| 22:14 | Construir | Town Center |
| 23:07 | Investigar | Town Watch |
| 23:11 | Construir | Farm |
| 23:14 | Construir | Farm |
| 23:16 | Construir | Farm |
| 23:35 | Crear | Villager (Male) |
| 23:36 | Crear | Villager (Male) |
| 23:37 | Crear | Villager (Male) |
| 23:53 | Construir | Farm |
| 23:56 | Construir | Farm |
| 23:58 | Construir | Farm |
| 24:00 | Crear | Villager (Male) |
| 24:01 | Crear | Villager (Male) |
| 24:03 | Crear | Villager (Male) |
| 24:27 | Construir | Farm |
| 24:32 | Construir | Farm |
| 24:33 | Construir | Farm |
| 24:39 | Construir | Farm |
| 24:44 | Crear | Villager (Male) |
| 24:44 | Crear | Villager (Male) |
| 24:44 | Crear | Villager (Male) |
| 24:47 | Construir | Farm |
| 24:49 | Construir | Farm |
| 24:52 | Crear | Villager (Male) |
| 24:52 | Crear | Villager (Male) |
| 24:53 | Crear | Villager (Male) |
| 24:53 | Crear | Villager (Male) |
| 24:56 | Construir | Farm |
| 25:20 | Crear | Villager (Male) |
| 25:38 | Crear | Villager (Male) |
| 25:38 | Crear | Villager (Male) |
| 25:40 | Construir | Farm |
| 25:44 | Crear | Villager (Male) |
| 25:44 | Crear | Villager (Male) |
| 25:58 | Investigar | Gold Shaft Mining |
| 26:00 | Crear | Villager (Male) |
| 26:00 | Crear | Villager (Male) |
| 26:05 | Construir | Farm |
| 26:13 | Construir | Mining Camp |
| 26:16 | Construir | Farm |
| 26:22 | Construir | Farm |
| 26:23 | Construir | Farm |
| 26:29 | Construir | House |
| 26:29 | Construir | House |
| 26:30 | Construir | House |
| 26:31 | Construir | House |
| 26:36 | Construir | Farm |
| 26:38 | Crear | Villager (Male) |
| 26:39 | Construir | Farm |
| 26:41 | Crear | Villager (Male) |
| 26:47 | Crear | Villager (Male) |
| 26:50 | Construir | Farm |
| 26:53 | Construir | Farm |
| 26:55 | Construir | Farm |
| 27:02 | Crear | Villager (Male) |
| 27:11 | Construir | Farm |
| 27:14 | Crear | Villager (Male) |
| 27:25 | Construir | Castle |
| 27:31 | Crear | Villager (Male) |
| 27:37 | Construir | Farm |
| 27:40 | Construir | Farm |
| 27:45 | Construir | Farm |
| 27:56 | Construir | Farm |
| 28:06 | Crear | Villager (Male) |
| 28:06 | Crear | Villager (Male) |
| 28:08 | Crear | Villager (Male) |
| 28:25 | Crear | Villager (Male) |
| 28:25 | Crear | Villager (Male) |
| 28:25 | Crear | Villager (Male) |
| 28:47 | Investigar | Imperial Age |
| 29:13 | Crear | Unit 1949 |
| 29:15 | Crear | Unit 1949 |
| 29:32 | Crear | Unit 1949 |
| 29:34 | Investigar | Scale Barding Armor |
| 29:38 | Crear | Villager (Male) |
| 29:39 | Crear | Villager (Male) |
| 29:53 | Construir | Farm |
| 30:02 | Crear | Unit 1949 |
| 30:06 | Crear | Unit 1949 |
| 30:11 | Construir | Farm |
| 30:13 | Construir | Farm |
| 30:18 | Crear | Unit 1949 |
Build order — mimikyu
Primeras 150 de 410 acciones detectadas
| 0:23 | Construir | Town Center |
| 2:19 | Construir | House |
| 2:23 | Construir | Dock |
| 2:42 | Crear | Villager (Male) |
| 2:42 | Crear | Villager (Male) |
| 2:43 | Crear | Villager (Male) |
| 2:44 | Crear | Villager (Male) |
| 2:44 | Crear | Villager (Male) |
| 3:44 | Crear | Fishing Ship |
| 3:45 | Crear | Fishing Ship |
| 4:34 | Crear | Fishing Ship |
| 4:34 | Crear | Fishing Ship |
| 4:59 | Construir | House |
| 5:07 | Construir | House |
| 5:07 | Crear | Villager (Male) |
| 5:25 | Crear | Villager (Male) |
| 5:25 | Crear | Villager (Male) |
| 5:55 | Crear | Villager (Male) |
| 5:56 | Crear | Villager (Male) |
| 6:20 | Crear | Villager (Male) |
| 6:20 | Crear | Villager (Male) |
| 6:23 | Crear | Fishing Ship |
| 6:38 | Construir | House |
| 6:45 | Crear | Villager (Male) |
| 6:45 | Crear | Villager (Male) |
| 6:46 | Crear | Villager (Male) |
| 7:09 | Crear | Villager (Male) |
| 7:20 | Crear | Fishing Ship |
| 7:51 | Crear | Villager (Male) |
| 7:51 | Crear | Villager (Male) |
| 8:07 | Construir | House |
| 8:10 | Crear | Villager (Male) |
| 8:22 | Construir | Settlement |
| 8:43 | Crear | Fishing Ship |
| 8:54 | Crear | Villager (Male) |
| 9:07 | Construir | House |
| 9:23 | Crear | Villager (Male) |
| 9:30 | Crear | Villager (Male) |
| 9:33 | Crear | Fishing Ship |
| 9:46 | Crear | Fishing Ship |
| 10:24 | Crear | Villager (Male) |
| 10:28 | Construir | Settlement |
| 10:33 | Crear | Villager (Male) |
| 10:56 | Crear | Fishing Ship |
| 11:36 | Investigar | Feudal Age |
| 11:37 | Investigar | Feudal Age |
| 11:37 | Investigar | Feudal Age |
| 11:42 | Crear | Fishing Ship |
| 11:43 | Crear | Fishing Ship |
| 12:28 | Crear | Villager (Male) |
| 12:38 | Construir | Dock |
| 12:43 | Crear | Villager (Male) |
| 13:01 | Construir | House |
| 13:02 | Construir | House |
| 13:34 | Crear | Villager (Male) |
| 13:46 | Edad | Edad Feudal |
| 13:49 | Crear | Galley |
| 13:49 | Crear | Galley |
| 13:54 | Investigar | Double-Bit Axe |
| 13:54 | Investigar | Double-Bit Axe |
| 13:57 | Crear | Villager (Male) |
| 14:29 | Construir | Blacksmith |
| 14:52 | Crear | Galley |
| 14:52 | Crear | Galley |
| 14:57 | Crear | Galley |
| 14:57 | Crear | Galley |
| 15:06 | Crear | Villager (Male) |
| 15:30 | Construir | Market |
| 15:35 | Crear | Villager (Male) |
| 15:39 | Investigar | Fletching |
| 15:39 | Investigar | Fletching |
| 16:14 | Crear | Galley |
| 16:14 | Crear | Galley |
| 16:23 | Crear | Galley |
| 16:24 | Crear | Villager (Male) |
| 16:34 | Construir | Dock |
| 16:57 | Investigar | Castle Age |
| 16:57 | Investigar | Castle Age |
| 17:00 | Crear | Galley |
| 17:07 | Construir | House |
| 17:10 | Construir | House |
| 17:22 | Construir | House |
| 17:24 | Construir | House |
| 17:26 | Crear | Galley |
| 17:27 | Crear | Galley |
| 17:27 | Crear | Galley |
| 17:38 | Crear | Galley |
| 17:38 | Crear | Galley |
| 18:21 | Construir | House |
| 18:26 | Crear | Galley |
| 18:38 | Crear | Galley |
| 18:38 | Crear | Galley |
| 19:16 | Construir | House |
| 19:34 | Crear | Villager (Male) |
| 19:37 | Edad | Edad de los Castillos |
| 19:42 | Investigar | Bodkin Arrow |
| 19:42 | Investigar | Bodkin Arrow |
| 19:55 | Construir | House |
| 19:56 | Crear | Villager (Male) |
| 20:00 | Construir | Town Center |
| 20:15 | Investigar | War Galley (upgrade) |
| 20:16 | Investigar | War Galley (upgrade) |
| 20:16 | Investigar | War Galley (upgrade) |
| 20:16 | Investigar | War Galley (upgrade) |
| 20:31 | Construir | House |
| 20:31 | Crear | Villager (Male) |
| 20:32 | Crear | Villager (Male) |
| 20:57 | Crear | Fire Galley |
| 20:57 | Crear | Galley |
| 20:57 | Crear | Galley |
| 20:58 | Crear | Galley |
| 20:58 | Crear | Galley |
| 21:09 | Crear | Villager (Male) |
| 21:36 | Crear | Galley |
| 21:36 | Crear | Galley |
| 22:05 | Crear | Galley |
| 22:05 | Crear | Galley |
| 22:06 | Crear | Villager (Male) |
| 22:23 | Crear | Villager (Male) |
| 22:23 | Crear | Villager (Male) |
| 22:36 | Crear | Fire Galley |
| 22:37 | Crear | Fire Galley |
| 22:37 | Crear | Fire Galley |
| 22:37 | Crear | Fire Galley |
| 22:40 | Crear | Villager (Male) |
| 22:41 | Crear | Villager (Male) |
| 22:44 | Construir | House |
| 22:55 | Crear | Villager (Male) |
| 23:07 | Crear | Galley |
| 23:07 | Crear | Galley |
| 23:27 | Crear | Galley |
| 23:28 | Crear | Villager (Male) |
| 23:35 | Crear | Villager (Male) |
| 23:39 | Construir | House |
| 23:41 | Investigar | Horse Collar |
| 23:42 | Investigar | Horse Collar |
| 23:46 | Investigar | Gold Mining |
| 23:46 | Investigar | Gold Mining |
| 24:02 | Crear | Villager (Male) |
| 24:16 | Crear | Villager (Male) |
| 24:17 | Crear | Villager (Male) |
| 24:24 | Construir | Settlement |
| 24:29 | Crear | Villager (Male) |
| 24:31 | Construir | Settlement |
| 24:32 | Crear | Villager (Male) |
| 24:39 | Crear | Villager (Male) |
| 24:43 | Construir | Town Center |
| 25:02 | Investigar | Tech 905 |
| 25:02 | Investigar | Tech 905 |
| 25:17 | Crear | Villager (Male) |
Build order — 天皇笑川
Primeras 150 de 337 acciones detectadas
| 0:36 | Construir | Dock |
| 0:45 | Construir | House |
| 0:54 | Construir | Town Center |
| 3:23 | Crear | Villager (Male) |
| 3:23 | Crear | Villager (Male) |
| 3:23 | Crear | Villager (Male) |
| 3:25 | Crear | Villager (Male) |
| 3:26 | Crear | Villager (Male) |
| 3:26 | Crear | Villager (Male) |
| 3:30 | Crear | Fishing Ship |
| 3:49 | Crear | Villager (Male) |
| 3:49 | Crear | Villager (Male) |
| 4:50 | Crear | Fishing Ship |
| 5:19 | Crear | Villager (Male) |
| 5:19 | Crear | Villager (Male) |
| 5:29 | Construir | House |
| 5:33 | Investigar | Loom |
| 5:33 | Investigar | Loom |
| 5:56 | Crear | Villager (Male) |
| 5:57 | Crear | Villager (Male) |
| 5:57 | Crear | Villager (Male) |
| 5:57 | Crear | Villager (Male) |
| 6:14 | Crear | Villager (Male) |
| 6:17 | Construir | House |
| 6:38 | Crear | Villager (Male) |
| 6:39 | Crear | Villager (Male) |
| 7:11 | Crear | Villager (Male) |
| 7:11 | Crear | Villager (Male) |
| 7:20 | Crear | Fishing Ship |
| 7:28 | Construir | House |
| 7:30 | Crear | Villager (Male) |
| 7:31 | Crear | Villager (Male) |
| 8:28 | Crear | Villager (Male) |
| 8:28 | Crear | Villager (Male) |
| 8:32 | Crear | Villager (Male) |
| 8:32 | Crear | Villager (Male) |
| 8:36 | Crear | Villager (Male) |
| 8:36 | Crear | Villager (Male) |
| 8:39 | Crear | Fishing Ship |
| 9:08 | Construir | House |
| 9:10 | Crear | Villager (Male) |
| 9:10 | Crear | Villager (Male) |
| 9:31 | Crear | Fishing Ship |
| 9:45 | Construir | House |
| 10:10 | Crear | Villager (Male) |
| 10:10 | Crear | Villager (Male) |
| 10:11 | Crear | Villager (Male) |
| 10:11 | Crear | Villager (Male) |
| 11:05 | Construir | Mill |
| 11:17 | Construir | House |
| 11:45 | Construir | Lumber Camp |
| 11:52 | Construir | Dock |
| 12:09 | Crear | Villager (Male) |
| 12:09 | Crear | Villager (Male) |
| 12:41 | Investigar | Feudal Age |
| 12:41 | Investigar | Feudal Age |
| 13:15 | Construir | Mining Camp |
| 13:21 | Construir | Mining Camp |
| 13:47 | Crear | Fishing Ship |
| 13:47 | Crear | Fishing Ship |
| 13:51 | Crear | Fishing Ship |
| 13:51 | Crear | Fishing Ship |
| 15:00 | Edad | Edad Feudal |
| 15:03 | Crear | Villager (Male) |
| 15:04 | Crear | Villager (Male) |
| 15:08 | Construir | Market |
| 15:14 | Construir | Blacksmith |
| 15:55 | Investigar | Double-Bit Axe |
| 15:55 | Investigar | Double-Bit Axe |
| 16:04 | Investigar | Castle Age |
| 16:04 | Investigar | Castle Age |
| 16:16 | Construir | House |
| 16:18 | Crear | Fishing Ship |
| 18:20 | Construir | Watch Tower |
| 18:29 | Edad | Edad de los Castillos |
| 18:32 | Crear | Villager (Male) |
| 18:33 | Crear | Villager (Male) |
| 18:33 | Crear | Villager (Male) |
| 18:34 | Crear | Villager (Male) |
| 18:38 | Construir | Town Center |
| 18:40 | Crear | Villager (Male) |
| 18:41 | Crear | Villager (Male) |
| 18:41 | Crear | Villager (Male) |
| 18:42 | Crear | Villager (Male) |
| 18:46 | Crear | Villager (Male) |
| 18:46 | Crear | Villager (Male) |
| 18:47 | Crear | Villager (Male) |
| 18:55 | Construir | Siege Workshop |
| 18:58 | Crear | Villager (Male) |
| 19:03 | Crear | Villager (Male) |
| 19:03 | Crear | Villager (Male) |
| 19:03 | Crear | Villager (Male) |
| 19:03 | Crear | Villager (Male) |
| 19:04 | Crear | Villager (Male) |
| 19:18 | Crear | Villager (Male) |
| 19:18 | Crear | Villager (Male) |
| 19:31 | Crear | Villager (Male) |
| 19:32 | Crear | Villager (Male) |
| 19:34 | Crear | Villager (Male) |
| 19:50 | Crear | Mangonel |
| 19:51 | Crear | Mangonel |
| 19:58 | Crear | Villager (Male) |
| 19:59 | Crear | Villager (Male) |
| 19:59 | Crear | Villager (Male) |
| 19:59 | Crear | Villager (Male) |
| 20:00 | Construir | Farm |
| 20:02 | Construir | Farm |
| 20:05 | Construir | Farm |
| 20:07 | Crear | Villager (Male) |
| 20:08 | Crear | Villager (Male) |
| 20:13 | Crear | Fishing Ship |
| 20:16 | Crear | Villager (Male) |
| 20:16 | Crear | Villager (Male) |
| 20:18 | Crear | Villager (Male) |
| 20:18 | Crear | Villager (Male) |
| 20:31 | Construir | Stone Wall |
| 20:33 | Construir | Farm |
| 20:58 | Construir | Farm |
| 20:59 | Crear | Villager (Male) |
| 21:03 | Construir | Farm |
| 21:05 | Construir | Farm |
| 21:06 | Construir | Farm |
| 21:08 | Construir | Farm |
| 21:09 | Crear | Villager (Male) |
| 21:26 | Construir | House |
| 21:50 | Construir | Town Center |
| 21:56 | Construir | Farm |
| 22:01 | Construir | House |
| 22:05 | Construir | Farm |
| 22:06 | Crear | Villager (Male) |
| 22:06 | Crear | Villager (Male) |
| 22:12 | Crear | Villager (Male) |
| 22:21 | Construir | Farm |
| 22:22 | Crear | Villager (Male) |
| 22:22 | Crear | Villager (Male) |
| 22:45 | Construir | House |
| 22:47 | Construir | House |
| 22:48 | Construir | House |
| 22:50 | Construir | House |
| 22:52 | Crear | Villager (Male) |
| 22:52 | Crear | Villager (Male) |
| 22:56 | Crear | Villager (Male) |
| 22:56 | Crear | Villager (Male) |
| 23:24 | Crear | Scorpion |
| 23:25 | Crear | Scorpion |
| 23:27 | Construir | Farm |
| 23:39 | Crear | Villager (Male) |
| 23:39 | Crear | Villager (Male) |
| 23:45 | Construir | Farm |
| 23:47 | Construir | Farm |
Build order — Citlali
Primeras 150 de 338 acciones detectadas
| 0:04 | Construir | Town Center |
| 1:08 | Construir | House |
| 1:10 | Construir | Dock |
| 2:28 | Crear | Villager (Male) |
| 2:30 | Crear | Villager (Male) |
| 2:30 | Crear | Villager (Male) |
| 2:31 | Crear | Villager (Male) |
| 3:41 | Crear | Fishing Ship |
| 4:11 | Investigar | Loom |
| 4:12 | Crear | Villager (Male) |
| 4:12 | Crear | Villager (Male) |
| 4:27 | Construir | House |
| 4:41 | Crear | Villager (Male) |
| 4:42 | Investigar | Loom |
| 5:08 | Crear | Villager (Male) |
| 5:33 | Crear | Villager (Male) |
| 5:34 | Crear | Villager (Male) |
| 5:50 | Crear | Fishing Ship |
| 5:59 | Crear | Villager (Male) |
| 6:12 | Crear | Fishing Ship |
| 6:23 | Crear | Villager (Male) |
| 6:34 | Construir | House |
| 6:56 | Construir | House |
| 7:15 | Crear | Villager (Male) |
| 7:34 | Crear | Villager (Male) |
| 7:34 | Crear | Villager (Male) |
| 7:35 | Crear | Villager (Male) |
| 7:43 | Crear | Fishing Ship |
| 8:17 | Crear | Villager (Male) |
| 8:17 | Crear | Villager (Male) |
| 8:42 | Crear | Fishing Ship |
| 9:05 | Construir | House |
| 9:11 | Crear | Villager (Male) |
| 9:14 | Crear | Villager (Male) |
| 9:56 | Construir | Mining Camp |
| 10:25 | Investigar | Feudal Age |
| 10:25 | Investigar | Feudal Age |
| 10:31 | Crear | Villager (Male) |
| 10:31 | Crear | Villager (Male) |
| 10:49 | Construir | House |
| 11:12 | Construir | Barracks |
| 11:15 | Construir | Barracks |
| 12:35 | Edad | Edad Feudal |
| 12:39 | Construir | Archery Range |
| 12:44 | Crear | Villager (Male) |
| 12:44 | Crear | Villager (Male) |
| 12:50 | Construir | Archery Range |
| 13:00 | Construir | Archery Range |
| 13:04 | Crear | Villager (Male) |
| 13:08 | Construir | Archery Range |
| 13:18 | Crear | Villager (Male) |
| 13:18 | Crear | Villager (Male) |
| 13:36 | Crear | Villager (Male) |
| 13:52 | Construir | Blacksmith |
| 13:57 | Construir | House |
| 14:01 | Construir | House |
| 14:03 | Crear | Archer |
| 14:14 | Crear | Archer |
| 14:17 | Crear | Villager (Male) |
| 14:20 | Construir | Lumber Camp |
| 14:25 | Construir | House |
| 14:27 | Crear | Archer |
| 14:28 | Crear | Archer |
| 14:33 | Crear | Villager (Male) |
| 14:48 | Investigar | Double-Bit Axe |
| 14:48 | Investigar | Double-Bit Axe |
| 14:51 | Investigar | Fletching |
| 14:51 | Investigar | Fletching |
| 14:55 | Crear | Villager (Male) |
| 15:05 | Crear | Archer |
| 15:05 | Crear | Archer |
| 15:16 | Crear | Villager (Male) |
| 15:32 | Crear | Archer |
| 15:32 | Crear | Archer |
| 15:35 | Investigar | Town Watch |
| 15:38 | Crear | Villager (Male) |
| 15:42 | Crear | Villager (Male) |
| 16:01 | Crear | Archer |
| 16:01 | Crear | Archer |
| 16:04 | Crear | Villager (Male) |
| 16:05 | Crear | Villager (Male) |
| 16:11 | Construir | Dock |
| 16:20 | Crear | Archer |
| 16:20 | Crear | Archer |
| 16:41 | Crear | Archer |
| 16:41 | Crear | Archer |
| 17:03 | Crear | Archer |
| 17:06 | Crear | Villager (Male) |
| 17:21 | Crear | Archer |
| 17:32 | Crear | Villager (Male) |
| 17:45 | Crear | Archer |
| 17:45 | Crear | Archer |
| 17:53 | Construir | House |
| 17:54 | Construir | House |
| 17:55 | Construir | House |
| 18:12 | Investigar | Wheelbarrow |
| 18:12 | Investigar | Wheelbarrow |
| 18:14 | Crear | Villager (Male) |
| 18:16 | Crear | Fishing Ship |
| 18:16 | Crear | Fishing Ship |
| 18:18 | Construir | House |
| 18:18 | Construir | House |
| 18:19 | Construir | House |
| 18:19 | Construir | House |
| 18:26 | Construir | Mill |
| 18:50 | Crear | Villager (Male) |
| 19:25 | Crear | Villager (Male) |
| 19:29 | Construir | Market |
| 19:32 | Construir | House |
| 19:33 | Construir | House |
| 19:53 | Crear | Villager (Male) |
| 19:58 | Construir | Farm |
| 19:59 | Construir | Farm |
| 20:00 | Construir | Farm |
| 20:20 | Crear | Fishing Ship |
| 20:21 | Crear | Fishing Ship |
| 20:24 | Construir | Dock |
| 20:46 | Crear | Villager (Male) |
| 20:46 | Crear | Villager (Male) |
| 21:03 | Crear | Villager (Male) |
| 21:32 | Investigar | Castle Age |
| 21:32 | Investigar | Castle Age |
| 21:37 | Crear | Fishing Ship |
| 21:37 | Crear | Fishing Ship |
| 21:38 | Crear | Fishing Ship |
| 21:44 | Construir | Dock |
| 21:59 | Investigar | Gold Mining |
| 22:23 | Investigar | Tech 906 |
| 22:23 | Investigar | Tech 906 |
| 22:40 | Construir | Lumber Camp |
| 23:08 | Crear | Villager (Male) |
| 23:22 | Crear | Villager (Male) |
| 24:16 | Edad | Edad de los Castillos |
| 24:25 | Investigar | Bow Saw |
| 24:27 | Crear | Villager (Male) |
| 24:28 | Investigar | Gillnets |
| 24:52 | Construir | Town Center |
| 25:07 | Construir | Town Center |
| 25:24 | Crear | Villager (Male) |
| 25:37 | Crear | Fishing Ship |
| 25:37 | Crear | Fishing Ship |
| 25:37 | Crear | Fishing Ship |
| 25:38 | Crear | Fishing Ship |
| 25:38 | Crear | Fishing Ship |
| 25:39 | Crear | Villager (Male) |
| 25:42 | Investigar | Stone Mining |
| 26:04 | Crear | Villager (Male) |
| 26:23 | Crear | Villager (Male) |
| 27:16 | Crear | Villager (Male) |
| 27:42 | Crear | Villager (Male) |
Build order — 叫我靓仔啊 扑街
Primeras 150 de 277 acciones detectadas
| 0:08 | Construir | House |
| 0:24 | Construir | Town Center |
| 1:06 | Construir | Dock |
| 2:44 | Crear | Villager (Male) |
| 2:44 | Crear | Villager (Male) |
| 2:45 | Crear | Villager (Male) |
| 2:45 | Crear | Villager (Male) |
| 2:45 | Crear | Villager (Male) |
| 3:48 | Crear | Fishing Ship |
| 3:48 | Crear | Fishing Ship |
| 3:55 | Crear | Villager (Male) |
| 3:56 | Crear | Villager (Male) |
| 4:00 | Construir | House |
| 4:59 | Crear | Fishing Ship |
| 4:59 | Crear | Fishing Ship |
| 5:00 | Investigar | Loom |
| 5:23 | Crear | Villager (Male) |
| 5:23 | Crear | Villager (Male) |
| 5:31 | Construir | House |
| 5:35 | Crear | Villager (Male) |
| 5:35 | Crear | Villager (Male) |
| 5:57 | Crear | Villager (Male) |
| 5:57 | Crear | Villager (Male) |
| 6:20 | Crear | Villager (Male) |
| 6:25 | Crear | Villager (Male) |
| 6:25 | Crear | Villager (Male) |
| 6:44 | Crear | Villager (Male) |
| 6:49 | Crear | Fishing Ship |
| 6:49 | Crear | Fishing Ship |
| 7:24 | Construir | Palisade Wall |
| 7:28 | Construir | House |
| 7:29 | Crear | Villager (Male) |
| 7:38 | Crear | Villager (Male) |
| 7:52 | Construir | Palisade Wall |
| 7:56 | Construir | Palisade Wall |
| 7:59 | Construir | Palisade Wall |
| 8:03 | Construir | Palisade Wall |
| 8:10 | Construir | Palisade Wall |
| 8:13 | Construir | Palisade Wall |
| 8:35 | Crear | Villager (Male) |
| 8:47 | Construir | House |
| 8:48 | Construir | Palisade Wall |
| 8:55 | Crear | Villager (Male) |
| 9:00 | Construir | Mining Camp |
| 9:07 | Construir | Dock |
| 9:17 | Crear | Villager (Male) |
| 9:24 | Crear | Fishing Ship |
| 9:47 | Construir | Palisade Wall |
| 9:49 | Construir | Palisade Wall |
| 9:53 | Crear | Fishing Ship |
| 9:53 | Crear | Fishing Ship |
| 9:59 | Crear | Villager (Male) |
| 10:58 | Crear | Villager (Male) |
| 11:16 | Crear | Fishing Ship |
| 11:17 | Crear | Fishing Ship |
| 11:23 | Construir | Mill |
| 11:38 | Crear | Villager (Male) |
| 11:42 | Construir | Lumber Camp |
| 12:21 | Investigar | Feudal Age |
| 12:28 | Construir | House |
| 12:29 | Construir | House |
| 12:30 | Construir | House |
| 13:01 | Crear | Fishing Ship |
| 13:01 | Crear | Fishing Ship |
| 13:42 | Crear | Villager (Male) |
| 13:42 | Crear | Villager (Male) |
| 14:31 | Edad | Edad Feudal |
| 14:39 | Construir | Market |
| 14:41 | Construir | Blacksmith |
| 15:36 | Investigar | Castle Age |
| 15:36 | Investigar | Castle Age |
| 15:50 | Construir | House |
| 16:00 | Crear | Demolition Raft |
| 16:07 | Crear | Fishing Ship |
| 16:07 | Crear | Fishing Ship |
| 16:13 | Investigar | Double-Bit Axe |
| 16:13 | Investigar | Double-Bit Axe |
| 16:14 | Investigar | Gold Mining |
| 16:49 | Construir | Barracks |
| 17:55 | Construir | Barracks |
| 18:00 | Construir | Barracks |
| 18:16 | Edad | Edad de los Castillos |
| 18:21 | Construir | Siege Workshop |
| 18:24 | Investigar | Fletching |
| 18:26 | Crear | Villager (Male) |
| 18:27 | Investigar | Bow Saw |
| 18:28 | Investigar | Wheelbarrow |
| 18:41 | Construir | Town Center |
| 18:57 | Crear | Mangonel |
| 19:22 | Crear | Villager (Male) |
| 19:23 | Investigar | Town Watch |
| 19:29 | Construir | Farm |
| 19:30 | Construir | Farm |
| 20:12 | Construir | Barracks |
| 20:41 | Crear | Scorpion |
| 20:42 | Crear | Villager (Male) |
| 21:07 | Crear | Villager (Male) |
| 21:08 | Crear | Villager (Male) |
| 21:08 | Crear | Villager (Male) |
| 21:21 | Crear | Villager (Male) |
| 21:32 | Construir | Town Center |
| 21:40 | Construir | Town Center |
| 21:51 | Construir | Farm |
| 21:51 | Construir | Farm |
| 21:52 | Construir | Farm |
| 22:08 | Construir | Archery Range |
| 22:10 | Construir | Archery Range |
| 22:45 | Crear | Villager (Male) |
| 22:58 | Crear | Villager (Male) |
| 23:22 | Crear | Scorpion |
| 23:38 | Construir | Farm |
| 23:38 | Construir | Farm |
| 23:38 | Construir | Farm |
| 23:38 | Construir | Farm |
| 23:39 | Construir | Farm |
| 23:56 | Crear | Cavalry Archer |
| 23:57 | Crear | Cavalry Archer |
| 24:10 | Crear | Villager (Male) |
| 24:11 | Crear | Villager (Male) |
| 24:19 | Construir | Archery Range |
| 24:24 | Crear | Villager (Male) |
| 24:30 | Construir | Farm |
| 24:30 | Construir | Farm |
| 24:31 | Construir | Farm |
| 24:31 | Construir | Farm |
| 24:38 | Crear | Cavalry Archer ×2 |
| 24:38 | Crear | Cavalry Archer ×2 |
| 24:50 | Crear | Villager (Male) |
| 24:57 | Crear | Villager (Male) |
| 25:45 | Crear | Cavalry Archer |
| 25:46 | Investigar | Thumb Ring |
| 26:02 | Construir | Farm |
| 26:02 | Construir | Farm |
| 26:02 | Construir | Farm |
| 26:12 | Crear | Cavalry Archer |
| 26:29 | Investigar | Bodkin Arrow |
| 26:31 | Crear | Cavalry Archer |
| 26:31 | Crear | Cavalry Archer |
| 26:38 | Crear | Villager (Male) |
| 26:39 | Crear | Villager (Male) |
| 26:42 | Construir | Farm |
| 26:43 | Crear | Villager (Male) |
| 27:02 | Crear | Cavalry Archer |
| 27:02 | Crear | Cavalry Archer |
| 27:03 | Crear | Villager (Male) |
| 27:04 | Crear | Villager (Male) |
| 27:12 | Crear | Villager (Male) |
| 27:15 | Construir | Farm |
| 27:15 | Construir | Farm |
| 27:35 | Crear | Cavalry Archer ×2 |
Build order — kimoji
Primeras 150 de 296 acciones detectadas
| 0:06 | Construir | Town Center |
| 0:40 | Construir | Dock |
| 0:48 | Construir | House |
| 2:29 | Crear | Villager (Male) |
| 2:29 | Crear | Villager (Male) |
| 2:29 | Crear | Villager (Male) |
| 2:29 | Crear | Villager (Male) |
| 3:29 | Crear | Villager (Male) |
| 3:29 | Crear | Villager (Male) |
| 3:58 | Crear | Fishing Ship |
| 4:24 | Crear | Villager (Male) |
| 4:24 | Crear | Villager (Male) |
| 4:43 | Construir | House |
| 4:57 | Crear | Villager (Male) |
| 4:58 | Crear | Villager (Male) |
| 5:03 | Investigar | Loom |
| 5:03 | Investigar | Loom |
| 5:19 | Crear | Villager (Male) |
| 5:19 | Crear | Villager (Male) |
| 5:48 | Crear | Villager (Male) |
| 5:49 | Crear | Villager (Male) |
| 6:08 | Crear | Villager (Male) |
| 6:08 | Crear | Villager (Male) |
| 6:09 | Crear | Villager (Male) |
| 6:13 | Crear | Fishing Ship |
| 6:18 | Construir | House |
| 6:33 | Construir | Palisade Wall |
| 6:50 | Construir | Palisade Wall |
| 7:09 | Crear | Villager (Male) |
| 7:32 | Construir | Palisade Wall |
| 7:36 | Crear | Villager (Male) |
| 7:39 | Crear | Villager (Male) |
| 7:39 | Crear | Villager (Male) |
| 7:51 | Crear | Villager (Male) |
| 7:53 | Crear | Fishing Ship |
| 8:01 | Crear | Villager (Male) |
| 8:01 | Crear | Villager (Male) |
| 8:01 | Crear | Villager (Male) |
| 8:14 | Construir | House |
| 8:16 | Crear | Villager (Male) |
| 8:16 | Crear | Villager (Male) |
| 9:26 | Construir | Mining Camp |
| 9:27 | Crear | Fishing Ship |
| 9:50 | Crear | Villager (Male) |
| 10:10 | Crear | Fishing Ship |
| 10:16 | Construir | House |
| 10:20 | Construir | Mill |
| 10:58 | Crear | Villager (Male) |
| 11:28 | Crear | Villager (Male) |
| 11:37 | Crear | Fishing Ship |
| 12:01 | Construir | House |
| 12:10 | Investigar | Feudal Age |
| 12:10 | Investigar | Feudal Age |
| 12:23 | Construir | Mining Camp |
| 12:58 | Construir | Palisade Wall |
| 13:30 | Construir | House |
| 14:16 | Crear | Villager (Male) |
| 14:20 | Edad | Edad Feudal |
| 14:25 | Construir | Blacksmith |
| 14:27 | Construir | Market |
| 14:46 | Crear | Villager (Male) |
| 15:14 | Investigar | Castle Age |
| 15:14 | Investigar | Castle Age |
| 15:14 | Investigar | Castle Age |
| 15:21 | Construir | House |
| 15:24 | Construir | House |
| 15:36 | Construir | Palisade Wall |
| 15:59 | Crear | Unit 2626 |
| 16:49 | Crear | Villager (Male) |
| 16:53 | Investigar | Padded Archer Armor |
| 17:51 | Crear | Villager (Male) |
| 17:54 | Edad | Edad de los Castillos |
| 17:59 | Construir | Castle |
| 18:00 | Crear | Villager (Male) |
| 18:21 | Construir | Lumber Camp |
| 18:23 | Crear | Villager (Male) |
| 18:50 | Crear | Villager (Male) |
| 19:06 | Investigar | Tech 906 |
| 19:18 | Crear | Conquistador |
| 19:52 | Crear | Villager (Male) |
| 19:58 | Construir | Town Center |
| 20:04 | Crear | Conquistador |
| 20:08 | Investigar | Horse Collar |
| 20:22 | Crear | Villager (Male) |
| 20:24 | Construir | Farm |
| 20:30 | Crear | Unit 2626 |
| 20:31 | Crear | Villager (Male) |
| 20:37 | Crear | Conquistador |
| 20:43 | Crear | Villager (Male) |
| 20:47 | Construir | Farm |
| 21:11 | Crear | Villager (Male) |
| 21:15 | Construir | Farm |
| 21:19 | Investigar | Leather Archer Armor |
| 21:44 | Construir | Siege Workshop |
| 21:46 | Crear | Villager (Male) |
| 22:01 | Crear | Villager (Male) |
| 22:05 | Crear | Villager (Male) |
| 22:14 | Crear | Villager (Male) |
| 22:16 | Crear | Villager (Male) |
| 22:19 | Construir | Monastery |
| 22:24 | Crear | Conquistador |
| 22:27 | Crear | Villager (Male) |
| 22:33 | Construir | Farm |
| 22:46 | Crear | Villager (Male) |
| 23:19 | Construir | Farm |
| 23:20 | Construir | Farm |
| 23:25 | Crear | Monk |
| 23:30 | Crear | Villager (Male) |
| 23:32 | Investigar | Town Watch |
| 23:36 | Crear | Battering Ram |
| 23:39 | Crear | Conquistador |
| 23:47 | Construir | House |
| 23:48 | Crear | Villager (Male) |
| 23:53 | Crear | Villager (Male) |
| 24:00 | Crear | Villager (Male) |
| 24:18 | Crear | Battering Ram |
| 24:48 | Crear | Villager (Male) |
| 25:01 | Crear | Villager (Male) |
| 25:21 | Crear | Villager (Male) |
| 25:27 | Crear | Battering Ram |
| 25:33 | Crear | Villager (Male) |
| 25:37 | Crear | Villager (Male) |
| 25:42 | Construir | House |
| 25:42 | Crear | Villager (Male) |
| 25:53 | Crear | Villager (Male) |
| 25:57 | Crear | Conquistador |
| 26:17 | Construir | House |
| 26:25 | Crear | Conquistador |
| 26:50 | Crear | Villager (Male) |
| 26:54 | Crear | Villager (Male) |
| 26:59 | Construir | House |
| 27:00 | Crear | Villager (Male) |
| 27:01 | Construir | Farm |
| 27:02 | Construir | Farm |
| 27:02 | Construir | Farm |
| 27:02 | Construir | Farm |
| 27:02 | Construir | Farm |
| 27:03 | Construir | Farm |
| 27:03 | Crear | Villager (Male) |
| 27:09 | Crear | Villager (Male) |
| 27:12 | Crear | Conquistador |
| 27:22 | Crear | Villager (Male) |
| 27:41 | Construir | Barracks |
| 27:42 | Crear | Villager (Male) |
| 27:50 | Crear | Villager (Male) |
| 27:52 | Construir | Farm |
| 27:53 | Crear | Villager (Male) |
| 27:58 | Investigar | Heavy Plow |
| 28:08 | Crear | Conquistador |
| 28:23 | Crear | Villager (Male) |
Build order — Listiger RATIO
Primeras 150 de 349 acciones detectadas
| 0:38 | Construir | Town Center |
| 1:33 | Construir | Dock |
| 2:24 | Construir | House |
| 2:34 | Construir | Palisade Wall |
| 2:35 | Construir | Palisade Wall |
| 3:15 | Crear | Villager (Male) |
| 3:15 | Crear | Villager (Male) |
| 3:16 | Crear | Villager (Male) |
| 3:16 | Crear | Villager (Male) |
| 3:17 | Crear | Villager (Male) |
| 4:20 | Crear | Villager (Male) |
| 5:21 | Crear | Fishing Ship |
| 5:21 | Crear | Fishing Ship |
| 5:26 | Construir | House |
| 5:28 | Crear | Villager (Male) |
| 5:28 | Crear | Villager (Male) |
| 5:39 | Investigar | Loom |
| 6:05 | Crear | Villager (Male) |
| 6:05 | Crear | Villager (Male) |
| 6:12 | Construir | House |
| 6:29 | Crear | Villager (Male) |
| 6:52 | Crear | Fishing Ship |
| 6:56 | Crear | Villager (Male) |
| 7:21 | Crear | Villager (Male) |
| 7:38 | Crear | Villager (Male) |
| 7:54 | Construir | House |
| 7:58 | Crear | Villager (Male) |
| 7:58 | Crear | Villager (Male) |
| 8:01 | Crear | Fishing Ship |
| 8:40 | Crear | Villager (Male) |
| 8:40 | Crear | Villager (Male) |
| 8:40 | Crear | Villager (Male) |
| 8:41 | Crear | Fishing Ship |
| 8:48 | Crear | Villager (Male) |
| 8:49 | Crear | Villager (Male) |
| 9:27 | Crear | Fishing Ship |
| 9:52 | Crear | Villager (Male) |
| 10:02 | Construir | House |
| 10:07 | Construir | House |
| 10:09 | Crear | Fishing Ship |
| 10:16 | Crear | Villager (Male) |
| 10:40 | Construir | Lumber Camp |
| 10:43 | Crear | Villager (Male) |
| 10:56 | Crear | Fishing Ship |
| 11:24 | Investigar | Feudal Age |
| 11:24 | Investigar | Feudal Age |
| 11:45 | Construir | House |
| 12:06 | Construir | Dock |
| 12:15 | Construir | Dock |
| 12:19 | Crear | Villager (Male) |
| 13:21 | Construir | Mill |
| 13:34 | Edad | Edad Feudal |
| 13:36 | Crear | Fire Galley |
| 13:36 | Crear | Fire Galley |
| 13:43 | Crear | Villager (Male) |
| 13:50 | Construir | Blacksmith |
| 14:08 | Crear | Villager (Male) |
| 14:31 | Crear | Villager (Male) |
| 14:37 | Construir | Market |
| 14:42 | Crear | Villager (Male) |
| 15:21 | Crear | Galley |
| 15:21 | Crear | Galley |
| 15:31 | Crear | Villager (Male) |
| 16:13 | Investigar | Castle Age |
| 16:19 | Crear | Fire Galley |
| 16:19 | Crear | Fire Galley |
| 17:32 | Construir | House |
| 17:34 | Construir | House |
| 17:37 | Construir | House |
| 17:39 | Construir | House |
| 18:11 | Construir | House |
| 18:43 | Crear | Fire Galley |
| 18:43 | Crear | Fire Galley |
| 18:53 | Edad | Edad de los Castillos |
| 18:58 | Construir | Dock |
| 19:04 | Investigar | War Galley (upgrade) |
| 19:14 | Crear | Villager (Male) |
| 19:14 | Crear | Villager (Male) |
| 19:20 | Investigar | Double-Bit Axe |
| 19:39 | Crear | Fire Galley |
| 19:39 | Crear | Fire Galley |
| 20:18 | Crear | Fire Galley |
| 20:18 | Crear | Fire Galley |
| 20:32 | Construir | House |
| 20:32 | Construir | House |
| 20:33 | Crear | Villager (Male) |
| 20:33 | Crear | Villager (Male) |
| 20:36 | Crear | Villager (Male) |
| 20:38 | Crear | Villager (Male) |
| 21:15 | Crear | Fire Galley |
| 21:15 | Crear | Fire Galley |
| 21:16 | Crear | Villager (Male) |
| 21:25 | Crear | Villager (Male) |
| 21:30 | Construir | Town Center |
| 21:32 | Crear | Villager (Male) |
| 21:37 | Construir | House |
| 21:38 | Construir | Palisade Wall |
| 21:59 | Crear | Villager (Male) |
| 22:01 | Crear | Fire Galley |
| 22:26 | Crear | Fire Galley |
| 22:26 | Crear | Fire Galley |
| 22:32 | Crear | Villager (Male) |
| 22:44 | Crear | Demolition Raft |
| 22:47 | Crear | Demolition Raft |
| 23:01 | Crear | Villager (Male) |
| 23:09 | Construir | Town Center |
| 23:14 | Crear | Villager (Male) |
| 23:17 | Construir | Monastery |
| 23:57 | Crear | Villager (Male) |
| 23:57 | Crear | Villager (Male) |
| 23:58 | Crear | Villager (Male) |
| 24:03 | Construir | Lumber Camp |
| 24:06 | Crear | Monk |
| 24:27 | Investigar | Horse Collar |
| 24:28 | Crear | Villager (Male) |
| 25:02 | Crear | Villager (Male) |
| 25:03 | Crear | Villager (Male) |
| 25:09 | Crear | Monk |
| 25:18 | Crear | Villager (Male) |
| 25:19 | Construir | Farm |
| 25:21 | Construir | Farm |
| 25:23 | Construir | Farm |
| 25:24 | Construir | Farm |
| 25:24 | Crear | Villager (Male) |
| 25:25 | Crear | Villager (Male) |
| 25:29 | Construir | Farm |
| 25:30 | Construir | Farm |
| 25:34 | Construir | Farm |
| 25:56 | Crear | Villager (Male) |
| 25:56 | Crear | Villager (Male) |
| 25:58 | Construir | Farm |
| 25:59 | Crear | Villager (Male) |
| 25:59 | Crear | Villager (Male) |
| 26:00 | Crear | Villager (Male) |
| 26:04 | Construir | Farm |
| 26:06 | Crear | Villager (Male) |
| 26:08 | Construir | Farm |
| 26:09 | Construir | Farm |
| 26:14 | Construir | Lumber Camp |
| 26:22 | Construir | Farm |
| 26:30 | Crear | Villager (Male) |
| 26:30 | Crear | Villager (Male) |
| 26:31 | Crear | Villager (Male) |
| 26:31 | Crear | Villager (Male) |
| 26:32 | Crear | Villager (Male) |
| 26:33 | Crear | Villager (Male) |
| 26:45 | Crear | Villager (Male) |
| 26:48 | Crear | Villager (Male) |
| 26:51 | Construir | Farm |
| 26:53 | Construir | Farm |
Build order — shikashoura
Primeras 150 de 516 acciones detectadas
| 0:36 | Construir | Town Center |
| 1:22 | Construir | House |
| 2:00 | Construir | Dock |
| 2:53 | Crear | Villager (Male) |
| 2:54 | Crear | Villager (Male) |
| 2:54 | Crear | Villager (Male) |
| 3:56 | Crear | Fishing Ship |
| 4:03 | Construir | House |
| 4:08 | Investigar | Loom |
| 4:53 | Crear | Villager (Male) |
| 4:54 | Crear | Villager (Male) |
| 5:02 | Crear | Fishing Ship |
| 5:18 | Crear | Villager (Male) |
| 5:42 | Crear | Villager (Male) |
| 5:42 | Crear | Villager (Male) |
| 6:06 | Crear | Villager (Male) |
| 6:06 | Crear | Villager (Male) |
| 6:11 | Construir | House |
| 6:29 | Crear | Villager (Male) |
| 6:31 | Crear | Villager (Male) |
| 6:46 | Crear | Fishing Ship |
| 7:00 | Crear | Villager (Male) |
| 7:00 | Crear | Villager (Male) |
| 7:11 | Crear | Villager (Male) |
| 7:32 | Crear | Villager (Male) |
| 7:38 | Construir | House |
| 7:43 | Crear | Fishing Ship |
| 7:43 | Crear | Fishing Ship |
| 8:10 | Crear | Villager (Male) |
| 8:10 | Crear | Villager (Male) |
| 8:12 | Crear | Fishing Ship |
| 8:43 | Crear | Fishing Ship |
| 8:54 | Construir | Mill |
| 9:08 | Crear | Fishing Ship |
| 9:14 | Construir | House |
| 9:17 | Construir | House |
| 9:28 | Crear | Villager (Male) |
| 9:40 | Crear | Fishing Ship |
| 9:49 | Crear | Villager (Male) |
| 9:58 | Construir | Mining Camp |
| 10:19 | Crear | Villager (Male) |
| 10:36 | Crear | Fishing Ship |
| 10:48 | Investigar | Feudal Age |
| 10:49 | Investigar | Feudal Age |
| 11:37 | Crear | Villager (Male) |
| 11:37 | Crear | Villager (Male) |
| 11:39 | Crear | Fishing Ship |
| 12:58 | Edad | Edad Feudal |
| 13:04 | Construir | Market |
| 13:16 | Construir | Blacksmith |
| 13:27 | Construir | Lumber Camp |
| 13:45 | Construir | Stone Wall |
| 14:00 | Construir | Stone Wall |
| 14:08 | Investigar | Castle Age |
| 14:11 | Investigar | Double-Bit Axe |
| 14:27 | Construir | House |
| 15:07 | Crear | Villager (Male) |
| 15:32 | Construir | Stone Wall |
| 16:18 | Construir | Dock |
| 16:23 | Construir | Dock |
| 16:28 | Crear | Fire Galley |
| 16:36 | Construir | Stone Wall |
| 16:48 | Edad | Edad de los Castillos |
| 16:51 | Investigar | Bow Saw |
| 17:02 | Construir | Town Center |
| 17:08 | Construir | Stone Wall |
| 17:15 | Crear | Villager (Male) |
| 17:21 | Investigar | War Galley (upgrade) |
| 17:21 | Investigar | War Galley (upgrade) |
| 17:39 | Crear | Villager (Male) |
| 17:42 | Crear | Fire Galley |
| 17:42 | Crear | Fire Galley |
| 17:49 | Crear | Villager (Male) |
| 17:55 | Construir | Town Center |
| 18:02 | Construir | Town Center |
| 18:03 | Crear | Villager (Male) |
| 18:22 | Crear | Villager (Male) |
| 18:25 | Investigar | Gold Mining |
| 18:28 | Crear | Villager (Male) |
| 18:41 | Crear | Villager (Male) |
| 18:51 | Crear | Fishing Ship |
| 18:55 | Crear | Fire Galley |
| 19:07 | Crear | Villager (Male) |
| 19:10 | Crear | Fire Galley |
| 19:16 | Crear | Villager (Male) |
| 19:20 | Construir | House |
| 19:22 | Construir | House |
| 19:31 | Investigar | Horse Collar |
| 19:42 | Construir | Town Center |
| 19:54 | Crear | Villager (Male) |
| 19:54 | Crear | Villager (Male) |
| 20:01 | Crear | Fire Galley |
| 20:01 | Crear | Fire Galley |
| 20:11 | Crear | Villager (Male) |
| 20:16 | Construir | Farm |
| 20:25 | Construir | Farm |
| 20:27 | Crear | Villager (Male) |
| 20:33 | Construir | House |
| 20:36 | Construir | Stone Wall |
| 20:39 | Construir | Farm |
| 20:40 | Crear | Villager (Male) |
| 20:50 | Construir | Lumber Camp |
| 20:52 | Crear | Villager (Male) |
| 20:55 | Construir | Farm |
| 20:56 | Crear | Villager (Male) |
| 20:57 | Crear | Villager (Male) |
| 21:07 | Crear | Villager (Male) |
| 21:13 | Crear | Fire Galley |
| 21:13 | Crear | Fire Galley |
| 21:18 | Construir | Farm |
| 21:24 | Crear | Villager (Male) |
| 21:29 | Crear | Fishing Ship |
| 21:39 | Crear | Fire Galley |
| 21:39 | Crear | Fire Galley |
| 21:40 | Crear | Villager (Male) |
| 21:40 | Crear | Villager (Male) |
| 21:44 | Crear | Fire Galley |
| 21:59 | Crear | Fire Galley |
| 21:59 | Crear | Fire Galley |
| 22:00 | Crear | Villager (Male) |
| 22:07 | Crear | Villager (Male) |
| 22:08 | Crear | Villager (Male) |
| 22:08 | Crear | Villager (Male) |
| 22:09 | Crear | Villager (Male) |
| 22:12 | Construir | Farm |
| 22:13 | Construir | Farm |
| 22:19 | Construir | Farm |
| 22:20 | Construir | Farm |
| 22:21 | Crear | Villager (Male) |
| 22:27 | Construir | Stone Wall |
| 22:29 | Construir | Stone Wall |
| 22:30 | Crear | Villager (Male) |
| 22:36 | Construir | Farm |
| 22:39 | Construir | Farm |
| 22:39 | Crear | Villager (Male) |
| 22:39 | Crear | Villager (Male) |
| 22:56 | Crear | Villager (Male) |
| 22:57 | Construir | Farm |
| 23:00 | Construir | Farm |
| 23:01 | Construir | Farm |
| 23:03 | Construir | Farm |
| 23:03 | Crear | Villager (Male) |
| 23:04 | Crear | Villager (Male) |
| 23:07 | Construir | House |
| 23:09 | Construir | House |
| 23:10 | Construir | House |
| 23:15 | Crear | Fire Galley |
| 23:16 | Crear | Fire Galley |
| 23:21 | Crear | Villager (Male) |
| 23:22 | Crear | Villager (Male) |
Cronología de la partida
| 0:36 | 天皇笑川 · first_building Dock |
| 0:40 | kimoji · first_building Dock |
| 1:06 | 叫我靓仔啊 扑街 · first_building Dock |
| 1:10 | Citlali · first_building Dock |
| 1:33 | Listiger RATIO · first_building Dock |
| 2:00 | shikashoura · first_building Dock |
| 2:23 | mimikyu · first_building Dock |
| 2:34 | Listiger RATIO · wall_segment Palisade Wall x1 |
| 2:35 | Listiger RATIO · wall_segment Palisade Wall x1 |
| 2:37 | Richiii · first_building Dock |
| 6:33 | kimoji · wall_segment Palisade Wall x1 |
| 6:50 | kimoji · wall_segment Palisade Wall x1 |
| 7:24 | 叫我靓仔啊 扑街 · wall_segment Palisade Wall x1 |
| 7:32 | kimoji · wall_segment Palisade Wall x1 |
| 7:52 | 叫我靓仔啊 扑街 · wall_segment Palisade Wall x1 |
| 7:56 | 叫我靓仔啊 扑街 · wall_segment Palisade Wall x1 |
| 7:59 | 叫我靓仔啊 扑街 · wall_segment Palisade Wall x1 |
| 8:03 | 叫我靓仔啊 扑街 · wall_segment Palisade Wall x1 |
| 8:10 | 叫我靓仔啊 扑街 · wall_segment Palisade Wall x1 |
| 8:13 | 叫我靓仔啊 扑街 · wall_segment Palisade Wall x1 |
| 8:48 | 叫我靓仔啊 扑街 · wall_segment Palisade Wall x1 |
| 9:47 | 叫我靓仔啊 扑街 · wall_segment Palisade Wall x1 |
| 9:49 | 叫我靓仔啊 扑街 · wall_segment Palisade Wall x1 |
| 11:12 | Citlali · first_building Barracks |
| 12:35 | Citlali · age_up feudal |
| 12:39 | Citlali · first_building Archery Range |
| 12:58 | kimoji · wall_segment Palisade Wall x4 |
| 12:58 | shikashoura · age_up feudal |
| 13:15 | Richiii · age_up feudal |
| 13:34 | Listiger RATIO · age_up feudal |
| 13:45 | shikashoura · wall_segment Stone Wall x6 |
| 13:46 | mimikyu · age_up feudal |
| 14:00 | shikashoura · wall_segment Stone Wall x4 |
| 14:20 | kimoji · age_up feudal |
| 14:31 | 叫我靓仔啊 扑街 · age_up feudal |
| 15:00 | 天皇笑川 · age_up feudal |
| 15:31 | 叫我靓仔啊 扑街 · first_market_buy 100 food |
| 15:32 | shikashoura · wall_segment Stone Wall x3 |
| 15:32 | 叫我靓仔啊 扑街 · first_market_sell 100 wood |
| 15:36 | kimoji · wall_segment Palisade Wall x1 |
| 16:03 | 天皇笑川 · first_market_sell 100 wood |
| 16:36 | shikashoura · wall_segment Stone Wall x1 |
| 16:48 | shikashoura · age_up castle |
| 16:49 | 叫我靓仔啊 扑街 · first_building Barracks |
| 17:08 | shikashoura · wall_segment Stone Wall x8 |
| 17:54 | kimoji · age_up castle |
| 17:59 | kimoji · first_building Castle |
| 18:16 | 叫我靓仔啊 扑街 · age_up castle |
| 18:21 | 叫我靓仔啊 扑街 · first_building Siege Workshop |
| 18:29 | 天皇笑川 · age_up castle |
| 18:53 | Listiger RATIO · age_up castle |
| 18:55 | 天皇笑川 · first_building Siege Workshop |
| 19:37 | mimikyu · age_up castle |
| 20:03 | kimoji · first_market_buy 100 food |
| 20:14 | mimikyu · first_market_sell 100 wood |
| 20:23 | Richiii · age_up castle |
| 20:31 | 天皇笑川 · wall_segment Stone Wall x10 |
| 20:36 | shikashoura · wall_segment Stone Wall x4 |
| 20:45 | Richiii · first_building Castle |
| 20:51 | Citlali · first_market_buy 100 food |
| 21:05 | Richiii · first_market_buy 100 food |
| 21:38 | Listiger RATIO · wall_segment Palisade Wall x5 |
| 21:44 | kimoji · first_building Siege Workshop |
| 22:08 | 叫我靓仔啊 扑街 · first_building Archery Range |
| 22:19 | kimoji · first_building Monastery |
| 22:27 | shikashoura · wall_segment Stone Wall x3 |
| 22:29 | shikashoura · wall_segment Stone Wall x3 |
| 23:17 | Listiger RATIO · first_building Monastery |
| 23:57 | shikashoura · wall_segment Stone Wall x2 |
| 24:16 | Citlali · age_up castle |
| 24:29 | 天皇笑川 · first_building Castle |
| 24:38 | mimikyu · first_market_buy 100 wood |
| 25:59 | 天皇笑川 · first_market_buy 100 stone |
| 26:04 | shikashoura · wall_segment Stone Wall x3 |
| 27:19 | shikashoura · first_building Siege Workshop |
| 27:22 | shikashoura · first_building Castle |
| 27:26 | mimikyu · wall_segment Stone Wall x21 |
| 27:27 | shikashoura · wall_segment Stone Wall x13 |
| 27:41 | kimoji · first_building Barracks |
| 28:23 | shikashoura · first_building Barracks |
| 28:33 | kimoji · first_building Stable |
| 28:40 | Richiii · first_market_sell 100 stone |
| 29:07 | Citlali · first_building Monastery |
| 29:13 | mimikyu · first_building Monastery |
| 29:22 | Listiger RATIO · first_building Castle |
| 29:54 | mimikyu · wall_segment Stone Wall x12 |
| 30:00 | mimikyu · wall_segment Stone Wall x9 |
| 30:13 | Citlali · first_building Castle |
| 30:21 | Listiger RATIO · first_market_sell 100 wood |
| 31:09 | Richiii · first_building Monastery |
| 31:57 | Richiii · age_up imperial |
| 32:03 | mimikyu · wall_segment Stone Wall x1 |
| 32:27 | Richiii · first_building Siege Workshop |
| 32:37 | shikashoura · age_up imperial |
| 32:40 | Citlali · first_market_sell 100 food |
| 32:46 | Listiger RATIO · first_building Barracks |
| 32:51 | mimikyu · first_building Castle |
| 33:07 | Citlali · age_up imperial |
| 33:59 | Listiger RATIO · age_up imperial |
| 34:02 | 天皇笑川 · first_building Barracks |
| 34:25 | 叫我靓仔啊 扑街 · first_building Monastery |
| 34:46 | mimikyu · first_building Barracks |
| 34:47 | 天皇笑川 · first_building Stable |
| 35:38 | 叫我靓仔啊 扑街 · first_building Castle |
| 35:53 | shikashoura · first_market_sell 100 food |
| 35:58 | mimikyu · first_building Archery Range |
| 36:03 | 天皇笑川 · wall_segment Stone Wall x3 |
| 36:34 | 天皇笑川 · age_up imperial |
| 37:21 | Richiii · first_building Barracks |
| 37:33 | kimoji · age_up imperial |
| 37:54 | 叫我靓仔啊 扑街 · age_up imperial |
| 38:03 | mimikyu · age_up imperial |
| 38:36 | Listiger RATIO · first_market_buy 100 stone |
| 40:09 | shikashoura · tribute_sent a jugador 1 |
| 40:09 | shikashoura · tribute_sent a jugador 2 |
| 40:09 | shikashoura · tribute_sent a jugador 3 |
| 40:09 | shikashoura · tribute_sent a jugador 4 |
| 40:09 | shikashoura · tribute_sent a jugador 5 |
| 40:09 | shikashoura · tribute_sent a jugador 6 |
| 40:09 | shikashoura · tribute_sent a jugador 8 |
| 40:26 | 叫我靓仔啊 扑街 · resign |
| 41:49 | shikashoura · tribute_sent a jugador 1 |
| 41:49 | shikashoura · tribute_sent a jugador 2 |
| 41:49 | shikashoura · tribute_sent a jugador 3 |
| 41:49 | shikashoura · tribute_sent a jugador 4 |
| 41:49 | shikashoura · tribute_sent a jugador 5 |
| 41:49 | shikashoura · tribute_sent a jugador 6 |
| 41:49 | shikashoura · tribute_sent a jugador 8 |
[ ANÁLISIS IA · 1 CRÉDITO ]
¿Qué pasó realmente en esta partida?
Wolo.gg analiza cada decisión: build order, eco, micro, errores típicos por bracket. Análisis personalizado por WhatsApp o Discord en 30 segundos.
Guía civ
Wei
Perfil
Jugador #2362292